Map: Ever Dream LE

Players

Bread

  • Race: Terran Terran
  • Spawn Location: 1:00

A.I. 1 (Elite) - Winner!

  • Race: Terran Terran
  • Spawn Location: 7:00

VOD

Have the link to the VOD?

Description

Time

  • Played on: June 12, 2020, 5:16 p.m.
  • Length: 4:09
Show
View Real Time Build Order
Export as new Build Order

Bread Terran 

Build Orders: 2 Factory 

Get SALT Encoding   

  12  0:01  SCV  
  13  0:13  SCV  
  14  0:20  Supply Depot  
  14  0:25  SCV  
  15  0:41  SCV  
  15  0:42  Barracks  
  16  0:48  Refinery  
  16  0:53  SCV  
  17  1:05  SCV  
  18  1:17  SCV  
  19  1:30  Orbital Command  
  19  1:36  Command Center  
  19  1:50  Factory  
  19  1:55  SCV  
  20  2:07  SCV, Supply Depot  
  21  2:15  Refinery  
  21  2:20  SCV  
  22  2:32  SCV  
  22  2:33  Factory Tech Lab  
  23  2:38  Factory  
  24  2:44  SCV  
  24  2:48  Orbital Command  
  24  2:56  SCV  
  25  3:02  Siege Tank  
  28  3:13  SCV  
  29  3:23  Factory Tech Lab  
  26  3:44  Hellion x2  
Show
View Real Time Build Order
Export as new Build Order

A.I. 1 (Elite) Terran - Winner!

Build Orders:  

Get SALT Encoding   

  12  0:09  Supply Depot  
  12  0:13  SCV  
  13  0:36  Barracks  
  13  0:42  Barracks  
  13  0:56  Barracks  
  13  0:58  SCV  
  14  1:10  SCV  
  15  1:23  Marine  
  16  1:28  Barracks  
  16  1:29  Marine  
  17  1:41  Marine  
  17  1:43  Marine  
  19  1:47  Marine  
  19  1:51  Supply Depot  
  20  1:58  Marine  
  20  2:01  Marine  
  22  2:05  Marine  
  23  2:16  Marine x2  
  23  2:18  Marine  
  26  2:23  Marine  
  27  2:33  Marine  
  27  2:34  Marine  
  27  2:36  Marine  
  30  2:42  Supply Depot  
  30  2:44  Marine  
  31  2:53  Refinery  
  31  3:04  SCV  
  32  3:16  SCV  
  33  3:28  SCV  
  34  3:40  SCV  
  35  3:52  SCV  
  33  3:57  Factory  
Tags
 
Matchup
TvT
Opening
2 Factory
Race
Terran
Spawn Locations
Cross Positions
Add a new tag
Caveats
  • Supply blocks, unpowered buildings, or Contaminate may cause inaccurate times.
  • Supply counts are checked every 10 seconds.